 Dungeon Crawl Stone Soup version 0.25.0-46-gbd7b0854d2 (webtiles) character file.

Game seed: 5828945189426802963

438 protoss039 the Chiller (level 6, -1/34 HPs)
             Began as a Deep Elf Ice Elementalist on July 14, 2020.
             Slain by a phantom (7 damage)
             ... on level 4 of the Dungeon.
             The game lasted 00:11:43 (3892 turns).

protoss039 the Chiller (Deep Elf Ice Elementalist)  Turns: 3892, Time: 00:11:43

Health: -1/34      AC: 10    Str:  5    XL:     6   Next: 69%
Magic:  6/17       EV: 13    Int: 22    God:
Gold:   189        SH:  0    Dex: 15    Spells: 2/17 levels left

rFire    . . .     SeeInvis .   k - +0 dagger
rCold    . . .     Gourm    .   (no shield)
rNeg     . . .     Faith    .   a - +0 robe
rPois    .         Spirit   .   e - +0 helmet
rElec    .         Reflect  .   h - +0 cloak
rCorr    .         Harm     .   (no gloves)
MR       .....                  (no boots)
Stlth    ++........             (no amulet)
HPRegen  0.11/turn              (no ring)
MPRegen  0.15/turn              (no ring)

@: icy armour, very slightly contaminated
A: no striking features
a: no special abilities


You were on level 4 of the Dungeon.
You were hungry.

You visited 1 branch of the dungeon, and saw 4 of its levels.

You collected 189 gold pieces.

Inventory:

Hand Weapons
 g - a +2 quarterstaff of chaos
 k - a +0 dagger (weapon)
Armour
 a - a +0 robe (worn)
 e - a +0 helmet (worn)
 h - a +0 cloak (worn)
Scrolls
 d - 2 scrolls of blinking {unknown}
 f - 2 scrolls of remove curse {unknown}
 i - 3 scrolls of immolation
 j - 2 scrolls of magic mapping {unknown}
 l - a scroll of enchant armour
 m - a scroll of fog
 o - a scroll of enchant weapon
Potions
 n - a potion of heal wounds
 p - a potion of flight
 q - a potion of curing {unknown}
 r - a potion of resistance
Comestibles
 b - 3 chunks of flesh
 c - 10 rations


   Skills:
 * Level 1.4 Fighting
 - Level 3.0 Dodging
 - Level 3.0 Stealth
 + Level 6.1 Spellcasting
 - Level 2.0 Conjurations
 - Level 2.0 Charms
 + Level 6.2 Ice Magic


You had 2 spell levels left.
You knew the following spells:

 Your Spells              Type           Power        Failure   Level  Hunger
a - Freeze                Ice            ####         1%          1    None
b - Frozen Ramparts       Ice            ####..       1%          3    #......
c - Ozocubu's Armour      Chrm/Ice       ###.....     4%          3    #......
d - Hailstorm             Conj/Ice       ###.....     17%         4    ###....
e - Summon Ice Beast      Ice/Summ       ###.....     26%         4    ###....

Your spell library contained the following spells:

 Spells                   Type           Power        Failure   Level  Hunger


Dungeon Overview and Level Annotations

Branches:
Dungeon (4/15)
 Temple: D:4-7

Altars:
Cheibriados
Dithmenos
Nemelex Xobeh
The Shining One


Message History

The phantom is heavily damaged.
The phantom hits you but does no damage.
Unknown command.
You hit the phantom but do no damage.
The phantom is heavily damaged.
The phantom misses you.
Unknown command.
You closely miss the phantom.
The phantom is heavily damaged.
The phantom hits you!
* * * LOW HITPOINT WARNING * * *
Unknown command.
You hit the phantom but do no damage.
The phantom is moderately damaged.
The phantom hits you but does no damage.
Unknown command.
You hit the phantom but do no damage.
The phantom is moderately damaged.
The phantom hits you!
You die...

#.##....# #. #....# #.
#....# ####### #. #....#
#.....# #....# #.###.#
#### #.###'## .#
...###.##...########.≈.#
...'.....÷....'W@....#
...###.##.....######.#
...# #.##.....# ...#
#.##<....# ####
#.##)..>.# #.########
#(# #..


You could see a phantom.

Vanquished Creatures
  Sigmund (D:2)
  Crazy Yiuf (D:2)
  3 worker ants (D:4)
  Robin (D:4)
  7 adders
  An ooze (D:2)
  2 worms
  3 dart slugs
  3 leopard geckos
  An orc (D:4)
  4 ball pythons
  5 giant cockroaches
  16 goblins
  11 hobgoblins
  2 jackals (D:2)
  3 kobolds
  A quokka (D:3)
  8 bats
  3 frilled lizards
  6 rats
82 creatures vanquished.

Notes
Turn   | Place    | Note
-------+----------+-------------------------------------------
     0 | D:1      | protoss039 the Deep Elf Ice Elementalist began the quest
                  | for the Orb.
     0 | D:1      | Reached XP level 1. HP: 10/10 MP: 6/6
   365 | D:1      | Reached XP level 2. HP: 13/15 MP: 4/8
  1174 | D:2      | Reached XP level 3. HP: 19/19 MP: 7/9
  1293 | D:2      | Found a snail-covered altar of Cheibriados.
  1295 | D:2      | Reached skill level 5 in Ice Magic
  1415 | D:2      | Reached XP level 4. HP: 9/24 MP: 7/12
  1871 | D:2      | Found a sparkling altar of Nemelex Xobeh.
  1871 | D:2      | Found a faded altar of an unknown god.
  1874 | D:2      | Noticed Sigmund
  1885 | D:2      | Learned a level 3 spell: Frozen Ramparts
  1889 | D:2      | Learned a level 3 spell: Ozocubu's Armour
  1894 | D:2      | Learned a level 4 spell: Hailstorm
  1901 | D:2      | Found a faded altar of an unknown god.
  1930 | D:2      | Killed Sigmund
  1930 | D:2      | Reached skill level 1 in Fighting
  1930 | D:2      | Reached skill level 5 in Spellcasting
  1930 | D:2      | Reached skill level 1 in Conjurations
  1930 | D:2      | Reached skill level 1 in Charms
  1930 | D:2      | Reached XP level 5. HP: 5/29 MP: 3/14
  2207 | D:2      | Found a runed translucent door.
  2208 | D:2      | Noticed Crazy Yiuf
  2233 | D:2      | Reached XP level 6. HP: 31/34 MP: 12/16
  2490 | D:2      | Found a glowing golden altar of the Shining One.
  2491 | D:2      | Found a shadowy altar of Dithmenos.
  2563 | D:2      | Killed Crazy Yiuf
  3410 | D:3      | Learned a level 4 spell: Summon Ice Beast
  3416 | D:4      | Noticed Robin
  3433 | D:4      | Killed Robin
  3654 | D:4      | HP: 1/34 [phantom (4)]
  3892 | D:4      | Slain by a phantom

Illustrated notes

Levels and vault maps discovered:
D:1:      shiori_arrival_elements, layout_loops_ring, hangedman_feature_mirror,
          minmay_tripent
D:2:      layout_basic, overflow_temple_1_default,
          chequers_temple_overflow_minitemple, first_ration,
          uniq_crazy_yiuf_cottage, uniq_sigmund
D:3:      layout_loops_ring
D:4:      layout_basic, gup_sewer_entry_pipe, uniq_robin, uniq_grinder

Skill      XL: |  1  2  3  4  5  6 |
---------------+-------------------+-----
Stealth        | 3 |  3.0
Ice Magic      | 5 6 |  6.2
Dodging        | 3 |  3.0
Spellcasting   | 4 5 6 |  6.1
Fighting       | 1 |  1.4
Conjurations   | 1 2 |  2.0
Charms         | 1 2 |  2.0

Action                   |  1- 3 |  4- 6 || total
-------------------------+-------+-------++-------
Melee: Dagger            |    22 |    41 ||    63
       Unarmed           |     2 |       ||     2
 Cast: Freeze            |    40 |    55 ||    95
       Frozen Ramparts   |       |     8 ||     8
       Hailstorm         |       |     5 ||     5
       Ozocubu's Armour  |       |     1 ||     1
  Use: Potion            |       |     4 ||     4
       Scroll            |       |     5 ||     5
 Stab: Sleeping          |     4 |     5 ||     9
       Distracted        |       |     1 ||     1
  Eat: Chunk             |     1 |     5 ||     6
       Ration            |       |     1 ||     1
Armor: Robe              |    13 |    20 ||    33
Dodge: Dodged            |    41 |    67 ||   108
